 Dungeon Crawl Stone Soup version 0.27.1-33-g824d729ab1 (webtiles) character file.

Game seed: 9764239544767126612

136 halfoni the Skirmisher (level 5, 0/57 HPs)
             Began as an Ogre Berserker on Dec 18, 2021.
             Was a Believer of Trog.
             Slain by an orc (4 damage)
             ... on level 4 of the Dungeon.
             The game lasted 00:03:35 (3011 turns).

halfoni the Skirmisher (Ogre Berserker)             Turns: 3011, Time: 00:03:35

Health: 0/57       AC:  3    Str: 22    XL:     5   Next: 19%
Magic:  5/5        EV: 10    Int:  8    God:    Trog [**....]
Gold:   79         SH:  0    Dex:  8    Spells: 4/4 levels left

rFire    . . .     SeeInvis .   a - +0 hand axe
rCold    . . .     Faith    .   (no shield)
rNeg     . . .     Spirit   .   b - +0 animal skin
rPois    .         Reflect  .   (helmet restricted)
rElec    .         Harm     .   (no cloak)
rCorr    .         Rampage  .   (gloves unavailable)
Will     +....                  (boots unavailable)
Stlth    +.........             (no amulet)
HPRegen  0.19/turn              e - ring of willpower
MPRegen  0.09/turn              (no ring)

@: on berserk cooldown, slowed, very slow
A: large, unfitting armour, tough skin 1
a: Renounce Religion, Berserk, Trog's Hand


You were on level 4 of the Dungeon.
You worshipped Trog.
Trog was pleased with you.
You visited 1 branch of the dungeon, and saw 4 of its levels.

You collected 79 gold pieces.

Inventory:

Hand Weapons
 a - a +0 hand axe (weapon)
Armour
 b - a +0 animal skin (worn)
Jewellery
 c - an amulet of magic regeneration
 e - a ring of willpower (left hand)
Scrolls
 d - 3 scrolls of teleportation {unknown}
 f - a scroll of enchant armour {unknown}
 j - a scroll of enchant weapon {unknown}
 k - 3 scrolls of summoning {unknown}
 l - a scroll of fear {unknown}
 m - 2 scrolls of identify {unknown}
Potions
 g - a potion of curing {unknown}
 h - a potion of ambrosia {unknown}
 i - a potion of attraction {unknown}
 n - a potion of berserk rage {unknown}
 o - a potion of haste {unknown}
 p - 2 potions of magic {unknown}


   Skills:
 + Level 5.0 Fighting
 + Level 4.2 Axes
 * Level 1.0 Armour
 + Level 3.5 Dodging
 - Level 0.2 Stealth


You had 4 spell levels left.
You didn't know any spells.
Your spell library was empty.

Dungeon Overview and Level Annotations

Branches:
Dungeon (4/15)
 Temple: D:4-7

Altars:
Ashenzari


Innate Abilities, Weirdness & Mutations

You are too large for most types of armour.
You have tough skin. (AC +1)


Message History

You closely miss the orc.
The orc is severely wounded.
The orc hits you with a +0 whip.
You slash the orc!
You kill the orc!
Trog accepts your kill.
Your Fighting skill increases to level 5!
Something hits you.
* * * LOW HITPOINT WARNING * * *
Things that are here:
a +0 whip; a +0 ring mail; an orc corpse You barely miss something.
The orc priest looks braver for a moment.
Something hits you.
* * * LOW HITPOINT WARNING * * *
You miss something. You closely miss something. Something hits you.
* * * LOW HITPOINT WARNING * * *
You miss something. Something hits you.
* * * LOW HITPOINT WARNING * * *
You hit something. Something hits you.
* * * LOW HITPOINT WARNING * * *
You slash something! You barely miss something. Something hits you.
* * * LOW HITPOINT WARNING * * *
You slash something! Trog accepts your kill.
You can now call upon Trog for regeneration and willpower.
Trog appreciates your killing of a magic user.
Reactivating autopickup.
You feel a bit more experienced.
The orc priest calls down the wrath of Beogh upon you.
Beogh smites you!
* * * LOW HITPOINT WARNING * * *
Your Armour skill increases to level 1!
You have reached level 5!
You are no longer berserk.
You are exhausted.
You feel yourself slow down. The orc hits you with a +0 flail.
You die...

..#..........#.
............#.
###............
...............
####...##...... ##+#
......)....#### .....
#######.#### #
......##########<#######
......o@)).....#.##.....
......o#######.#.##.##..
...$... #.#.. ###.
....... #.######.._
######. #........#. #+
##########. ##


You could see an orc priest and an orc.

Vanquished Creatures
  Terence (D:2)
  An orc wizard (D:4)
  3 adders
  A howler monkey skeleton (D:3)
  An adder skeleton (D:4)
  A worm (D:2)
  3 orcs
  7 bats
  5 endoplasms
  A giant cockroach (D:1)
  3 goblins
  2 hobgoblins
  2 jackals (D:2)
  A kobold (D:4)
  4 quokkas (D:1)
  A ball python (D:1)
  2 frilled lizards
  2 rats
41 creatures vanquished.

Vanquished Creatures (others)
  5 plants (D:1)
5 creatures vanquished.

Grand Total: 46 creatures vanquished

Notes
Turn   | Place    | Note
-------+----------+-------------------------------------------
     0 | D:1      | halfoni the Ogre Berserker began the quest for the Orb.
     0 | D:1      | Reached XP level 1. HP: 24/24 MP: 1/1
   179 | D:1      | Reached XP level 2. HP: 31/32 MP: 2/2
   826 | D:2      | Found a faded altar of an unknown god.
   889 | D:2      | Reached XP level 3. HP: 24/40 MP: 3/3
  1304 | D:2      | Noticed Terence
  1312 | D:2      | Killed Terence
  1313 | D:2      | Reached XP level 4. HP: 33/49 MP: 0/4
  2905 | D:4      | Found a broken altar of Ashenzari.
  3002 | D:4      | Reached skill level 5 in Fighting
  3010 | D:4      | Reached ** piety under Trog
  3011 | D:4      | Reached skill level 1 in Armour
  3011 | D:4      | Reached XP level 5. HP: 6/57 MP: 5/5
  3011 | D:4      | Slain by an orc

Illustrated notes

Levels and vault maps discovered:
D:1:      scummos_arrival_hexagon, layout_basic, kennysheep_boxes
D:2:      layout_rooms, basic_ecumenical_altar, uniq_terence
D:3:      layout_basic
D:4:      layout_basic, trog_ov_bears_minmay, ashenzari_altar_1

Skill      XL: |  1  2  3  4 |
---------------+-------------+-----
Dodging        | 3 |  3.5
Axes           | 4 |  4.2
Fighting       | 5 |  5.0
Armour         | 1 |  1.0
Stealth        | |  0.2

Action                   |  1- 3 |  4- 6 || total
-------------------------+-------+-------++-------
Melee: Hand axe          |    78 |    76 ||   154
Invok: Berserk           |     1 |     2 ||     3
Armor: Animal skin       |    25 |    21 ||    46
Dodge: Dodged            |    48 |    38 ||    86
